Map: Port Aleksander LE

Players

Draug - Winner!

  • Race: Protoss Protoss
  • League: Diamond
  • Spawn Location: 5:00

Timasty

  • Race: Protoss Protoss
  • League: Diamond
  • Spawn Location: 11:00

VOD

Have the link to the VOD?

Description

Time

  • Played on: Feb. 8, 2019, 4:59 p.m.
  • Length: 6:05
Show
View Real Time Build Order
Export as new Build Order

Draug Protoss - Winner!

Build Orders:  

Get SALT Encoding   

  12  0:00  Probe  
  13  0:12  Probe  
  14  0:19  Pylon  
  14  0:25  Probe  
  15  0:35  Probe  
  15  0:41  Gateway  
  16  0:43  Probe  
  17  0:51  Probe  
  18  0:58  Gateway  
  18  1:04  Assimilator  
  18  1:10  Probe  
  19  1:22  Probe  
  20  1:32  Cybernetics Core  
  20  1:34  Probe  
  20  1:38  Pylon  
  21  1:41  Assimilator  
  21  1:46  Probe  
  22  1:58  Probe  
  23  2:10  Probe  
  23  2:13  Stalker  
  26  2:17  Stalker  
  28  2:23  Probe  
  29  2:35  Probe  
  30  2:42  Nexus  
  30  2:50  Pylon  
  30  3:02  Pylon  
  30  3:07  Probe  
  30  3:11  Warp Gate  
  31  3:19  Probe  
  32  3:22  Stalker x2  
  36  3:38  Probe  
  37  3:43  Robotics Facility  
  37  3:44  Twilight Council  
  37  3:50  Probe  
  38  3:58  Probe  
  38  4:01  Stalker  
  41  4:03  Probe  
  41  4:07  Stalker  
  41  4:08  Probe  
  44  4:11  Probe  
  44  4:17  Probe  
  46  4:19  Probe  
  48  4:25  Probe  
  49  4:31  Stalker  
  49  4:36  Observer  
  52  4:40  Stalker  
  52  4:41  Probe  
  52  4:42  Probe  
  56  4:50  Assimilator  
  56  4:53  Probe  
  56  4:56  Gateway  
  56  4:57  Gateway  
  57  5:00  Immortal  
  57  5:03  Shield Battery  
  57  5:04  Pylon  
  57  5:06  Pylon  
  55  5:32  Stalker x2  
  50  5:49  Probe x2  
  56  5:54  Stalker  
  56  5:55  Stalker  
  60  6:02  Stalker  
Show
View Real Time Build Order
Export as new Build Order

Timasty Protoss 

Build Orders: Phoenix Opening 

Get SALT Encoding   

  12  0:00  Probe  
  13  0:13  Probe  
  14  0:19  Pylon  
  14  0:25  Probe  
  15  0:33  Probe  
  15  0:40  Gateway  
  15  0:41  Probe  
  17  0:51  Assimilator  
  17  0:58  Probe  
  17  0:59  Assimilator  
  18  1:06  Probe  
  19  1:12  Gateway  
  19  1:18  Probe  
  20  1:27  Cybernetics Core  
  20  1:30  Probe  
  21  1:37  Pylon  
  21  1:43  Probe  
  22  1:55  Probe, Warp Gate  
  23  2:04  Stalker x2  
  27  2:08  Probe  
  28  2:27  Pylon  
  28  2:34  Stalker  
  30  2:45  Stalker  
  32  2:54  Stargate  
  32  3:12  Stalker  
  33  3:15  Stalker  
  35  3:29  Phoenix  
  37  3:52  Stalker  
  37  3:58  Phoenix, Gateway  
  37  4:02  Pylon  
  39  4:09  Pylon  
  39  4:13  Pylon  
  39  4:15  Phoenix  
  39  4:24  Stalker  
  43  4:42  Stalker  
  45  4:48  Stalker  
  47  4:57  Stalker  
  43  5:38  Phoenix  
  33  5:47  Stalker  
  33  5:48  Stalker x2  
Tags
 
Add a new tag
Caveats
  • Supply blocks, unpowered buildings, or Contaminate may cause inaccurate times.
  • Supply counts are checked every 10 seconds.